 Dungeon Crawl Stone Soup version 0.28-a0-537-g3bccd9ccbf (webtiles) character file.

Game seed: 8013364977825448294

403 speeev33 the Poker (level 6, -6/51 HPs)
             Began as a Merfolk Fighter on Sept 27, 2021.
             Asphyxiated
             ... on level 4 of the Dungeon.
             The game lasted 00:05:17 (3568 turns).

speeev33 the Poker (Merfolk Fighter)                Turns: 3568, Time: 00:05:17

Health: -6/51      AC: 20    Str: 18    XL:     6   Next: 86%
Magic:  6/6        EV:  5    Int:  8    God:
Gold:   1414       SH:  5    Dex: 13    Spells: 5/5 levels left

rFire   . . .      SeeInvis .   a - +0 trident (freeze)
rCold   . . .      Faith    .   c - +0 buckler
rNeg    . . .      Spirit   .   k - +0 plate armour
rPois   .          Reflect  .   f - +1 helmet
rElec   .          Harm     .   l - +0 cloak
rCorr   .          Rampage  .   (no gloves)
Will    .....                   r - +0 pair of boots
Stlth   ..........              (no amulet)
HPRegen 0.17/turn               e - +4 ring of protection
MPRegen 0.10/turn               p - ring of flight

@: lethally poisoned (-6 -> -14), flying
A: (nimble swimmer 2), mertail
a: no special abilities


You were on level 4 of the Dungeon.
You visited 1 branch of the dungeon, and saw 4 of its levels.

You collected 1414 gold pieces.

Inventory:

Hand Weapons
 a - a +0 trident of freezing (weapon)
Armour
 c - a +0 buckler (worn)
 f - a +1 helmet (worn)
 k - a +0 plate armour (worn)
 l - a +0 cloak (worn)
 r - a +0 pair of boots (worn)
Jewellery
 e - a +4 ring of protection (left hand)
 p - a ring of flight (right hand)
Wands
 m - a wand of iceblast (12)
Scrolls
 n - a scroll of enchant armour
 o - a scroll of teleportation
 q - a scroll of magic mapping
Potions
 b - a potion of flight {unknown}
 d - a potion of might
 g - a potion of haste {unknown}
 h - a potion of lignification {unknown}
 i - 2 potions of curing
 j - 2 potions of brilliance {unknown}


   Skills:
 + Level 5.1 Fighting
 + Level 5.8 Polearms
 + Level 3.5 Armour
 - Level 4.0 Shields


You had 5 spell levels left.
You didn't know any spells.
Your spell library contained the following spells:

 Spells                   Type           Power      Damage    Failure   Level
 Foxfire                  Conj/Fire      0%         2x1d4     100%        1
 Slow                     Hex            0%         N/A       100%        2
 Confusing Touch          Hex            0%         N/A       100%        3
 Conjure Flame            Conj/Fire      0%         6-21      100%        3
 Inner Flame              Hex/Fire       0%         N/A       100%        3
 Cause Fear               Hex            0%         N/A       100%        4
 Flame Wave               Conj/Fire      0%         3d3       100%        4
 Yara's Violent Unravell  Hex/Tmut       0%         3d3       100%        5
 Discord                  Hex            0%         N/A       100%        8


Dungeon Overview and Level Annotations

Branches:
Dungeon (4/15)
 Temple: D:4-7

Altars:
Ashenzari


Innate Abilities, Weirdness & Mutations

((You are quick and stealthy near water. (Stealth+, EV+, Speed+++)))
Your lower body shifts to a powerful aquatic tail in water.


Message History

The kobold brigand is severely wounded.
The kobold brigand hits you but does no damage.
The adder completely misses you.
You hit the kobold brigand but do no damage.
The kobold brigand is heavily wounded.
The adder bites you.
You are poisoned.
The adder poisons you!
The kobold brigand hits you with a +0 short sword.
Your plate armour prevents you from hitting the kobold brigand.
The kobold brigand is heavily wounded.
You feel sick. The adder bites you but does no damage.
You block the kobold brigand's attack. You block the adder's attack.
You hit the kobold brigand. You freeze the kobold brigand.
The kobold brigand is severely wounded.
You feel sick. You block the kobold brigand's attack.
The adder bites you but does no damage.
You closely miss the kobold brigand.
The kobold brigand is severely wounded.
You feel sick. You block the adder's attack.
The kobold brigand hits you but does no damage.
You closely miss the kobold brigand.
The kobold brigand is severely wounded.
You feel sick. The adder bites you but does no damage.
The kobold brigand hits you with a +0 short sword!
* * * LOW HITPOINT WARNING * * *
You hit the kobold brigand but do no damage.
The kobold brigand is severely wounded.
You feel sick.
You are no longer poisoned.
The adder bites you.
* * * LOW HITPOINT WARNING * * *
The kobold brigand hits you but does no damage.
The adder bites you but does no damage. The adder bites you but does no damage.
The kobold brigand throws a curare-tipped dart.
The curare-tipped dart hits you.
You are lethally poisoned!
You have difficulty breathing.
You die...

# ###.########..# ..
.....#....... ...
....#....... #...
#...#......
#....##...+.....
..........##..########
..........##..##.....##
...................<..#
.......:..K.@.........#
..........S...........#
#######################


You could see a kobold brigand and an adder.

Vanquished Creatures
  A necrophage (D:4)
  A water moccasin zombie (D:3)
  Crazy Yiuf (D:2)
  Ijyb (D:3)
  Natasha (thrice) (D:2)
  4 adders (D:2)
  3 dart slugs
  5 orcs (D:3)
  6 ball pythons
  8 endoplasms
  A giant cockroach (D:1)
  5 hobgoblins
  5 quokkas
  5 bats
  7 frilled lizards (D:1)
  8 goblins
  7 kobolds
  4 rats
75 creatures vanquished.

Notes
Turn   | Place    | Note
-------+----------+-------------------------------------------
     0 | D:1      | speeev33 the Merfolk Fighter began the quest for the Orb.
     0 | D:1      | Reached XP level 1. HP: 18/18 MP: 1/1
   372 | D:1      | Reached XP level 2. HP: 24/24 MP: 2/2
   558 | D:1      | Identified a scroll of acquirement
   558 | D:1      | Acquired 1292 gold pieces
   828 | D:1      | Reached XP level 3. HP: 18/29 MP: 3/3
  1460 | D:2      | Reached XP level 4. HP: 16/37 MP: 4/4
  1966 | D:2      | Found a faded altar of an unknown god.
  2086 | D:2      | Noticed Natasha
  2090 | D:2      | Killed Natasha
  2091 | D:2      | Reached XP level 5. HP: 33/42 MP: 5/5
  2324 | D:2      | Found a runed translucent door.
  2325 | D:2      | Noticed Crazy Yiuf
  2520 | D:2      | Noticed Natasha
  2529 | D:2      | Killed Natasha
  2605 | D:2      | Noticed Natasha
  2609 | D:2      | Killed Natasha
  2735 | D:2      | Killed Crazy Yiuf
  2835 | D:3      | Noticed Ijyb
  2855 | D:3      | Killed Ijyb
  2856 | D:3      | Reached skill level 5 in Polearms
  2856 | D:3      | Reached XP level 6. HP: 48/49 MP: 6/6
  3095 | D:3      | Found a broken altar of Ashenzari.
  3492 | D:4      | Noticed a necrophage
  3506 | D:4      | Killed a necrophage
  3507 | D:4      | Reached skill level 5 in Fighting
  3568 | D:4      | Asphyxiated

Illustrated notes

Levels and vault maps discovered:
D:1:      dpeg_arrival_court, layout_basic, minmay_pentomino_w4
D:2:      layout_loops_ring, shapermc_ecumenical_altar_flowoftime,
          uniq_crazy_yiuf_cottage, uniq_natasha
D:3:      layout_loops_ring, cheibrodos_ashenzari_chains, uniq_ijyb
D:4:      layout_gridville, grunt_temple_overflow_lords_of_destruction,
          kennysheep_flooded_box, st_stairs_4

Skill      XL: |  1  2  3  4  5  6 |
---------------+-------------------+-----
Polearms       | 4 5 |  5.8
Fighting       | 4 5 |  5.1
Armour         | 3 |  3.5
Shields        | 4 |  4.0

Action                   |  1- 3 |  4- 6 || total
-------------------------+-------+-------++-------
Melee: Trident           |   124 |   189 ||   313
  Use: Scroll            |     5 |     4 ||     9
Armor: Scale mail        |    30 |    17 ||    47
       Plate armour      |       |    83 ||    83
Dodge: Dodged            |    44 |    43 ||    87
Block: Buckler           |    22 |    44 ||    66

Table legend: (Time is in decaauts)
 A = Elapsed time spent in this place.
 B = Non-inter-level travel time spent in this place.
 C = Inter-level travel time spent in this place.
 D = Time resting spent in this place.
 E = Time spent auto-exploring this place.
 F = Levels seen in this place.
 G = Mean time per level.
                   A        B        C        D        E       F      G
               +--------+--------+--------+--------+--------+-----+--------+
         Total |   3598 |   3504 |     94 |    629 |   2107 |   4 |  899.5 |
       Dungeon |   3598 |   3504 |     94 |    629 |   2107 |   4 |  899.5 |
               +--------+--------+--------+--------+--------+-----+--------+

Top non-repeatable levels by time:
     D:1: 1455 daAuts
     D:2: 1402 daAuts
     D:3: 659 daAuts
     D:4: 81 daAuts
